 Dungeon Crawl Stone Soup version 0.27-a0-1154-gfdeffcb720 (webtiles) character file.

Game seed: 13331607784569198496

95 Morbidden the Skirmisher (level 4, -1/37 HPs)
             Began as a Demonspawn Fighter on May 14, 2021.
             Was an Initiate of Cheibriados.
             Splashed by Ijyb's acid (12 damage)
             ... on level 3 of the Dungeon.
             The game lasted 00:03:51 (2859 turns).

Morbidden the Skirmisher (Demonspawn Fighter)       Turns: 2859, Time: 00:03:51

Health: -1/37      AC:  5    Str: 18    XL:     4   Next: 39%
Magic:  4/4        EV: -2    Int: 11    God:    Cheibriados [......]
Gold:   92         SH: 13    Dex: 13    Spells: 3/3 levels left

rFire    + . .     SeeInvis .   b - +0 dagger (venom)
rCold    + . .     Faith    .   g - +0 tower shield
rNeg     . . .     Spirit   .   f - +0 gold dragon scales
rPois    +         Reflect  .   (no helmet)
rElec    .         Harm     .   (no cloak)
rCorr    .         Rampage  .   (no gloves)
Will     .....                  (no boots)
Stlth    ..........             (no amulet)
HPRegen  0.12/turn              (no ring)
MPRegen  0.09/turn              (no ring)

@: mighty, brilliant, corroded, very slow
A: hooves 1, molten scales 1, ignite blood 1, deformed body, high mp 1
a: Renounce Religion, Bend Time


You were on level 3 of the Dungeon.
You worshipped Cheibriados.
Cheibriados was noncommittal.
You visited 1 branch of the dungeon, and saw 3 of its levels.

You collected 92 gold pieces.

Inventory:

Hand Weapons
 a - a +0 long sword
 b - a +0 dagger of venom (weapon)
Missiles
 j - 7 poisoned darts (quivered)
Armour
 f - +0 gold dragon scales (worn)
 g - a +0 tower shield (worn)
Jewellery
 h - an amulet of faith
Scrolls
 c - a scroll of enchant weapon {unknown}
 e - a scroll of identify {unknown}
 i - a scroll of fear {unknown}
 k - a scroll of magic mapping {unknown}


   Skills:
 * Level 3.8 Fighting
 + Level 2.3 Long Blades
 + Level 0.1 Throwing
 + Level 3.3 Armour
 * Level 1.1 Dodging
 + Level 3.0 Shields


You had 3 spell levels left.
You didn't know any spells.
Your spell library contained the following spells:

 Spells                   Type           Power      Damage    Failure   Level
 Animate Skeleton         Necr           0%         N/A       100%        1
 Apportation              Tloc           0%         N/A       100%        1
 Corona                   Hex            0%         N/A       100%        1
 Magic Dart               Conj           0%         1d3       100%        1
 Summon Small Mammal      Summ           0%         N/A       100%        1
 Searing Ray              Conj           0%         3d3       100%        2
 Dazzling Flash           Conj/Hex       0%         N/A       100%        3
 Fulminant Prism          Conj/Hex       0%         3d6       100%        4
 Iskenderun's Mystic Bla  Conj/Tloc      0%         2d3       100%        4


Dungeon Overview and Level Annotations

Branches:
Dungeon (3/15)

Altars:
Cheibriados
Ru

Shops:
D:2 (

Annotations:
D:3 Ijyb


Innate Abilities, Weirdness & Mutations

You have large cloven feet.
You are partially covered in molten scales. (AC +2)
Your demonic aura sometimes causes spilled blood to erupt in flames.
Armour fits poorly on your strangely shaped body.
You have an increased reservoir of magic. (+10% MP)


Message History

Unknown command.
Unknown command.
Unknown command.
Okay, then.
Okay, then.
Okay, then.
Okay, then.
Okay, then.
It was a potion of brilliance.
You feel clever all of a sudden. Ijyb hits you with a +0 dagger.
Unknown command.
You feel very mighty all of a sudden. You block Ijyb's attack.
You puncture Ijyb!
Ijyb is poisoned.
You kick Ijyb.
Ijyb is heavily wounded.
Ijyb screams, "It's all mine!"
Ijyb hits you with a +0 dagger.
Your gold dragon scales prevents you from hitting Ijyb.
Ijyb is heavily wounded.
You block Ijyb's attack. Ijyb hits you but does no damage.
Your shield and gold dragon scales prevent you from hitting Ijyb.
Ijyb is severely wounded.
Ijyb hits you but does no damage.
Unknown command.
Unknown command.
You aren't carrying any potions.
Unknown command.
Your gold dragon scales prevents you from hitting Ijyb.
Ijyb is severely wounded.
Ijyb hits you but does no damage.
Unknown command.
Unknown command.
Unknown command.
You hit Ijyb but do no damage.
Ijyb is severely wounded.
Ijyb hits you but does no damage.
Ijyb zaps a wand.
The bolt of acid hits you!
* * * LOW HITPOINT WARNING * * *
The acid corrodes you!
You are splashed with acid!
You die...

### ..### ≈...##
# ≈≈≈..##
####.####
≈≈≈#..####
#.@g....#
####.....#
#.##.##:#
#.#†#..#.######.#
#
#..##≈..........#
#...#≈.#.########
#.###≈.#.#
...#≈≈.#.#
####≈≈.#.#
≈≈≈≈≈..#.#


You could see Ijyb (very poisoned).

Vanquished Creatures
  Jessica (D:3)
  A hound skeleton (D:2)
  An adder (D:2)
  2 dart slugs
  6 orcs (D:3)
  5 bats
  3 endoplasms
  5 goblins
  A hobgoblin (D:1)
  4 ball pythons
  A frilled lizard (D:3)
  2 kobolds (D:2)
  5 rats
37 creatures vanquished.

Notes
Turn   | Place    | Note
-------+----------+-------------------------------------------
     0 | D:1      | Morbidden the Demonspawn Fighter began the quest for the
                  | Orb.
     0 | D:1      | Reached XP level 1. HP: 18/18 MP: 1/1
   759 | D:2      | Found a faded altar of an unknown god.
  1017 | D:2      | Gained mutation: Your demonic aura sometimes causes spilled
                  | blood to erupt in flames. [demonic ancestry]
  1017 | D:2      | Reached XP level 2. HP: 24/24 MP: 2/2
  1149 | D:2      | HP: 1/24 [adder (4)]
  1160 | D:2      | HP: 1/24 [adder (3)]
  1161 | D:2      | Gained mutation: You have an increased reservoir of magic.
                  | (+10% MP) [potion of mutation]
  1161 | D:2      | Gained mutation: Armour fits poorly on your strangely
                  | shaped body. [potion of mutation]
  1776 | D:2      | Found Uwudiedu's Antique Weapon Emporium.
  1843 | D:2      | Gained mutation: You have large cloven feet. [demonic
                  | ancestry]
  1843 | D:2      | Reached XP level 3. HP: 25/29 MP: 3/3
  2357 | D:3      | Found a sacrificial altar of Ru.
  2679 | D:3      | Found a snail-covered altar of Cheibriados.
  2705 | D:3      | Became a worshipper of Cheibriados the Contemplative
  2720 | D:3      | Noticed Jessica
  2726 | D:3      | Killed Jessica
  2727 | D:3      | Reached skill level 1 in Dodging
  2727 | D:3      | Gained mutation: You are partially covered in molten
                  | scales. (AC +2) [demonic ancestry]
  2727 | D:3      | Reached XP level 4. HP: 37/37 MP: 4/4
  2846 | D:3      | Noticed Ijyb
  2859 | D:3      | Splashed by Ijyb's acid

Illustrated notes

Levels and vault maps discovered:
D:1:      grunt_arrival_lava_bath, layout_basic
D:2:      layout_loops_ring, serial_shops, shop,
          ebering_ecumenical_altar_petrified
D:3:      layout_loops_ring, cheibriados_altar_1, nicolae_ru_awakened_eye,
          grunt_decor_junction, uniq_ijyb, uniq_jessica

Skill      XL: |  1  2  3 |
---------------+----------+-----
Long Blades    | 2 |  2.3
Armour         | 3 |  3.3
Dodging        | 1 |  1.1
Shields        | 3 |  3.0
Fighting       | |  3.8
Throwing       | |  0.1

Action                   |  1- 3 |  4- 6 || total
-------------------------+-------+-------++-------
Melee: Long sword        |    94 |       ||    94
       Dagger            |    19 |    19 ||    38
       Kick              |    15 |     6 ||    21
Throw: Dart              |     4 |       ||     4
  Use: Potion            |     2 |     3 ||     5
Armor: Scale mail        |    26 |       ||    26
       Gold dragon scale |    41 |    11 ||    52
Dodge: Dodged            |    16 |     1 ||    17
Block: Kite shield       |    30 |       ||    30
       Tower shield      |    30 |    10 ||    40
       Rpst.: Long sword |     6 |       ||     6

Table legend: (Time is in decaauts)
 A = Elapsed time spent in this place.
 B = Non-inter-level travel time spent in this place.
 C = Inter-level travel time spent in this place.
 D = Time resting spent in this place.
 E = Time spent auto-exploring this place.
 F = Levels seen in this place.
 G = Mean time per level.
                   A        B        C        D        E       F      G
               +--------+--------+--------+--------+--------+-----+--------+
         Total |   2958 |   2877 |     81 |    675 |   1781 |   3 |  986.0 |
       Dungeon |   2958 |   2877 |     81 |    675 |   1781 |   3 |  986.0 |
               +--------+--------+--------+--------+--------+-----+--------+

Top non-repeatable levels by time:
     D:2: 1568 daAuts
     D:1: 755 daAuts
     D:3: 634 daAuts
